[Event "Early-Titled-Tuesday-Blitz-March-05-2024"]
[Site "Chess.com"]
[Date "2024.03.05"]
[Round "6"]
[White "Sofiia_Hryzlova"]
[Black "knightinshiningarmour16"]
[Result "1-0"]
[WhiteElo "2494"]
[BlackElo "2261"]
[TimeControl "180+1"]
[EndTime "9:11:13 PST"]
[Termination "Sofiia_Hryzlova won by checkmate"]

1. e4 c6 2. Nf3 d5 3. Nc3 a6 4. d4 Bg4 5. h3 Bh5 6. Bd3 e6 7. g4 Bg6 8. Ne5 dxe4 9. Nxe4 Qxd4 10. Nxg6 hxg6 11. c3 Qd8 12. Bf4 Nf6 13. Ng5 Nd5 14.
Bd2 Be7 15. f4 Bxg5 16. fxg5 Nd7 17. Qe2 Qb6 18. O-O-O O-O-O 19. Bc2 Nc5 20. h4 Qa5 21.
Kb1 Qb6 22. h5 gxh5 23. gxh5 Ne7 24. h6 gxh6 25. gxh6 Rxd2 26. Rxd2 Nd5 27. Qf3 a5 28. h7 Kb8 29. Rg2 Ka7 30. Rg8 Rxh7 31. Rxh7 Na4 32.
Bxa4 Qc5 33. Rhh8 Qc4 34. Ra8+ Kb6 35. Qf2+ Kc7 36. Rhc8+ Kd6 37. Rd8+ Ke7 38. Re8+ Kd6 39. Rad8+ Kc7 40. Bb3 Qe4+ 41. Qc2 Qe1+ 42. Qd1 Qe4+ 43. Ka1 Ne3 44. Qd7+ Kb6 45. Qd4+ Qxd4 46. cxd4 Nd5 47. Rf8 f5 48. Rfe8 Nf4 49. Bxe6 Nd3 50. Bxf5 Nb4 51.
Be6 Nc2+ 52. Kb1 Nb4 53. a3 Nd3 54. d5 cxd5 55. Bxd5 Nc5 56. Re7 Kb5 57. Rb8 b6 58.
Re6 Na4 59. b3 Nc3+ 60. Kb2 Nxd5 61. Re5 Kc6 62. Rxd5 Kxd5 63. Rxb6 Kc5 64. Rb8 Kc6 65. Kc3 Kc7 66. Rb5 a4 67. bxa4 Kc8 68. Kc4 Kc7 69. a5 Kc6 70. a6 Kc7 71. a7 Kd7 72. a8=Q Kc7 73. Rb7+ Kd6 74. Qa6+ Ke5 75. Re7+ Kf4 76. Qf6+ Kg4 77. Rg7+ Kh5 78. Qg6+ Kh4 79. Qg4# 1-0

[Event "Early-Titled-Tuesday-Blitz-March-05-2024"]
[Site "Chess.com"]
[Date "2024.03.05"]
[Round "6"]
[White "carloseduar100"]
[Black "Yushko_Olga"]
[Result "1-0"]
[WhiteElo "2357"]
[BlackElo "2194"]
[TimeControl "180+1"]
[EndTime "9:11:15 PST"]
[Termination "carloseduar100 won on time"]

1. e4 e6 2. Nf3 d5 3. exd5 exd5 4. d4 Nf6 5. Bd3 Bd6 6. O-O Bg4 7. Re1+ Be7 8. Bg5 O-O 9. Nbd2 Nbd7 10. c3 c5 11. h3 Bh5 12. dxc5 Nxc5 13. Bc2 Nfe4 14. Be3 Nxd2 15. Bxd2 Re8 16. Be3 Ne4 17. g4 Bg6 18. Kg2 Bf6 19. Bb3 Nxc3 20. bxc3 Bxc3 21. Qxd5 Bxa1 22.
Rxa1 Be4 23. Qxd8 Raxd8 24. Kg3 b6 25. Rc1 Rd6 26. Rc7 Rf6 27. Ng5 Bg6 28. Rxa7 h6 29.
Nf3 Be4 30. Nd4 Rd8 31. Nf5 Bxf5 32. gxf5 Rxf5 33. Bxb6 Rg5+ 34. Kf3 Rd6 35. Be3 Rf6+ 36. Ke2 Re5 37. Bc2 Rfe6 38. Ra8+ Re8 39. Rxe8+ Rxe8 40. a4 g6 41. a5 f5 42. a6 f4 43. Bxg6 Ra8 44.
Bxf4 Rxa6 45. Bd3 Re6+ 46. Be3 Kg7 47. Kf3 Rf6+ 48. Bf4 h5 49. Be4 Ra6 50. Ke3 Ra3+ 51. Bd3 Rb3 52. f3 Kf6 53. Bc7 Rc3 54. Bd8+ Ke6 55.
Bh4 Ra3 56. Be1 Kf6 57. h4 Ke6 58. Ke4 Ra4+ 59. Ke3 Kf6 60. Bg3 Ra3 61. Kd4 Ra4+ 62. Bc4 Kf5 63. Bd6 Ra1 64. Bd5 Rd1+ 65. Kc5 Rc1+ 66.
Kb6 Rd1 67. Be4+ Kf6 68. Bf4 Rh1 69. Bg5+ Ke6 70. Kc5 Rd1 71. Bg6 Rc1+ 72. Kd4 Re1 73. Bxh5 Kf5 74. Bg4+ Kg6 75. Kd3 Re8 76. Kd2 1-0

[Event "Early-Titled-Tuesday-Blitz-March-05-2024"]
[Site "Chess.com"]
[Date "2024.03.05"]
[Round "6"]
[White "IM_ArthurDW08"]
[Black "chess123456s"]
[Result "0-1"]
[WhiteElo "2771"]
[BlackElo "2562"]
[TimeControl "180+1"]
[EndTime "9:11:28 PST"]
[Termination "chess123456s won on time"]

1. e4 e5 2. Nf3 Nc6 3. Bb5 a6 4. Ba4 Bc5 5. d3 Nge7 6. O-O O-O 7. c3 d6 8. Bb3 h6 9. Nbd2 Kh8 10. Re1 f5 11. exf5 Bxf5 12. Ne4 Ba7 13. Qc2 Ng6 14. Be3 Bg4 15. Bxa7 Rxa7 16. Nfd2 Nh4 17. f3 Bf5 18. Nf1 Qe8 19. Ne3 Bd7 20. Kh1 Ra8 21. Nd5 Rc8 22. Qf2 Nf5 23. Ne3 Qg6 24. Nxf5 Bxf5 25. Rad1 Rce8 26. Bd5 Nd8 27. Qe3 c6 28. Bb3 Ne6 29.
g3 Rd8 30. h4 Nc7 31. g4 Bxe4 32. Qxe4 Qf6 33. Kg2 Qxh4 34. Rh1 Qg5 35. Rh5 Qf4 36.
Qxf4 Rxf4 37. g5 Rf5 38. Rdh1 d5 39. gxh6 Rxh5 40. Rxh5 Re8 41. Kf2 Re6 42. hxg7+ Kxg7 43. Bc2 Ne8 44. d4 exd4 45. Rh7+ Kg8 46. cxd4 Ng7 47.
Rh4 Kf7 48. Rf4+ Ke7 49. Rg4 Kf7 50. Bd3 a5 51. Rf4+ Ke7 52. Rh4 Kf7 53. Rh8 Re8 54. Rh6 Re6 55. Rh1 Rf6 56. Ke3 Re6+ 57. Kd2 Rf6 58.
Rh3 Rf4 59. Ke3 Rf6 60. Rh8 Re6+ 61. Kf4 Rf6+ 62. Kg3 Ne6 63. Rh7+ Ng7 64. f4 Kg8 65. Rh1 Re6 66. Kf3 Kf7 67. Rg1 Re7 68. Rg5 Kf6 69. Re5 Ne6 70. Ke3 Rg7 71. Rh5 Rg3+ 72. Kd2 Nxd4 73.
Rh6+ Kg7 74. Rh7+ Kf6 75. Rxb7 Nf3+ 76. Ke2 Nd4+ 77. Kd2 Nf3+ 78. Kc1 Nd4 79. Bh7 Rg2 80. Rc7 Ne2+ 81. Kd1 Nxf4 82. Rxc6+ Ke5 83. Bc2 Kd4 84. Ra6 Ke3 85. Kc1 Rg1+ 86. Bd1 Ne2+ 87. Kc2 Nd4+ 88. Kc1 Kd3 89. Rxa5 Ne2+ 0-1

[Event "Early-Titled-Tuesday-Blitz-March-05-2024"]
[Site "Chess.com"]
[Date "2024.03.05"]
[Round "6"]
[White "Oleksandr_Bortnyk"]
[Black "Egor_Koshulyan"]
[Result "1-0"]
[WhiteElo "2975"]
[BlackElo "2730"]
[TimeControl "180+1"]
[EndTime "9:11:47 PST"]
[Termination "Oleksandr_Bortnyk won by checkmate"]

1. e4 c5 2. c3 Nf6 3. e5 Nd5 4. d4 cxd4 5. Nf3 Nc6 6. cxd4 d6 7. Bc4 e6 8. O-O Be7 9. Qe2 O-O 10. Rd1 Na5 11.
Bxd5 exd5 12. Nc3 Be6 13. Bf4 Rc8 14. Rac1 Qd7 15. h3 Rfd8 16. Nb5 Nc4 17. Nxd6 Nxd6 18.
exd6 Bxd6 19. Bxd6 Qxd6 20. Qb5 a6 21. Qxb7 Rb8 22. Qa7 Rxb2 23. Ne5 Rxa2 24. Rc6 Qb4 25. Rxe6 fxe6 26. Qf7+ Kh8 27. Qxe6 Rf8 28. Nf7+ Rxf7 29. Qxf7 Re2 30. Rc1 Re1+ 31. Kh2 Qb8+ 32. Rc7 Qg8 33. Qxg8+ Kxg8 34. Rd7 a5 35. Rxd5 a4 36. Ra5 Ra1 37.
Kg3 a3 38. Kf3 a2 39. Ra7 Rd1 40. Rxa2 Rxd4 41. Ra8+ Kf7 42. Ra7+ Kg6 43. g4 Rd3+ 44. Kg2 h6 45. Ra6+ Kg5 46. Ra5+ Kg6 47. h4 Rd6 48.
Kg3 Kf6 49. Rf5+ Ke6 50. h5 Rd4 51. Rf4 Rd3+ 52. f3 Ke7 53. Rf5 Rd4 54. Kf2 Ke6 55.
Ke3 Ra4 56. Rf4 Ra3+ 57. Kf2 Ra2+ 58. Kg3 Ra3 59. Re4+ Kf6 60. Kf4 Ra5 61. Rb4 Ra6 62. Rd4 Rb6 63. Ke4 Re6+ 64. Kd5 Re5+ 65. Kd6 Re6+ 66.
Kd5 Re5+ 67. Kc4 Re3 68. Rf4+ Ke5 69. Rf7 Ke6 70. Rf8 Ke7 71. Rf5 Ke6 72. Kd4 Ra3 73.
Re5+ Kf6 74. Rf5+ Ke6 75. Rf8 Ra4+ 76. Ke3 Ra3+ 77. Kf2 Ke7 78. Rg8 Kf7 79. Rc8 Kf6 80. Rc6+ Kf7 81. Kg3 Rb3 82. Rc5 Kf6 83. Rc4 Rb6 84.
Kf4 Ra6 85. Ke4 Re6+ 86. Kd3 Rd6+ 87. Ke3 Rd1 88. Rc6+ Kf7 89. Ke4 Rd7 90. f4 Re7+ 91. Kf5 Rd7 92. Rc5 Ra7 93. Rd5 Rc7 94. g5 hxg5 95. fxg5 g6+ 96. hxg6+ Kg7 97. Re5 Rd7 98.
Re6 Rd1 99. Re7+ Kg8 100. g7 Rd6 101. Rb7 Rg6 102. Rb8+ Kh7 103. Rh8+ Kxg7 104. Rg8+ Kxg8 105. Kxg6 Kh8 106. Kf7 Kh7 107. g6+ Kh6 108. g7 Kh5 109. g8=Q Kh4 110. Qg2 Kh5 111. Qg3 Kh6 112. Qg6# 1-0

[Event "Early-Titled-Tuesday-Blitz-March-05-2024"]
[Site "Chess.com"]
[Date "2024.03.05"]
[Round "6"]
[White "javirec"]
[Black "viktorgen2021"]
[Result "1/2-1/2"]
[WhiteElo "2267"]
[BlackElo "2488"]
[TimeControl "180+1"]
[EndTime "9:12:05 PST"]
[Termination "Game drawn - timeout vs insufficient material"]

1. e4 g6 2. d4 Bg7 3. Nc3 d6 4. Nf3 Nf6 5. h3 c6 6. Be3 O-O 7. Bd3 Nbd7 8. O-O e5 9. Re1 Qe7 10. Qd2 Re8 11. Rad1 b5 12. Bh6 Bh8 13. Ne2 Bb7 14.
Ng3 Rad8 15. c3 a6 16. Qg5 Nf8 17. Qh4 Ne6 18. Bf1 Nd7 19. Qg4 Nf6 20. Qh4 Qc7 21. Ng5 Nxg5 22. Bxg5 Qe7 23. Re3 h6 24. Qxh6 Qe6 25.
Rf3 Rd7 26. Nf5 Nh7 27. Rg3 d5 28. Bd3 dxe4 29. Bxe4 exd4 30. Bc2 d3 31. Bb3 Qxf5 32. Bd2 Bg7 33. Qh4 Re4 34. Rg4 Rxg4 35. hxg4 Qe4 36.
Qg3 Be5 37. Qh4 Bf6 38. Qg3 Qe2 39. Qf4 Kg7 40. Qf3 Qxf3 41. gxf3 c5 42. f4 c4 43. g5 cxb3 44. axb3 Be7 45. Kh2 Bf3 46. Re1 Be2 47. Kg3 Bc5 48. f3 Nf8 49. f5 gxf5 50. b4 Bd6+ 51.
f4 Ng6 52. Kf2 Nxf4 53. Rh1 Nd5 54. Rh6 Ne7 55. Be3 Ng6 56. Bd4+ f6 57. Bxf6+ Kf7 58.
Rh7+ Ke6 59. Rh6 Nf4 60. Bd4+ Kd5 61. Rf6 Nh3+ 62. Ke3 Bg4 63. Kxd3 Bf4 64. g6 Bg5 65. Rf7 Rxf7 66. gxf7 Be7 67. Bg7 f4 68. f8=Q Bxf8 69. Bxf8 Bf5+ 70. Kd2 f3 71. Bc5 f2 72. Bxf2 Nxf2 73.
Ke3 Nd3 74. b3 Ne5 75. Kd2 Ke4 76. Ke2 Bg4+ 77. Kd2 Nf3+ 78. Kc2 Ke3 79. c4 bxc4 80. bxc4 Be6 81. Kc3 Ne5 82. b5 Bxc4 83. bxa6 Bxa6 84. Kb4 Bc8 85. Kc5 Ke4 86. Kd6 Bf5 87. Kc5 Nd3+ 88. Kd6 Kd4 89. Kc6 Ke5 90. Kc7 Be6 91. Kd8 Kd6 92.
Ke8 Ne5 93. Kf8 Ng4 94. Kg7 Ke5 95. Kg6 Kf4 96. Kg7 Kf5 97. Kh8 Ne5 98. Kg7 Nc6 99. Kh8 Kg5 100. Kg7 Bf5 101. Kg8 Kf6 102. Kh8 Ne5 103. Kg8 Bg6 104. Kh8 Kg5 105. Kg7 Ng4 106. Kg8 Nh6+ 107. Kg7 Nf5+ 108. Kg8 Kf6 109. Kh8 1/2-1/2

[Event "Early-Titled-Tuesday-Blitz-March-05-2024"]
[Site "Chess.com"]
[Date "2024.03.05"]
[Round "7"]
[White "Kunalm64"]
[Black "Cambek64"]
[Result "1-0"]
[WhiteElo "2626"]
[BlackElo "2454"]
[TimeControl "180+1"]
[EndTime "9:15:02 PST"]
[Termination "Kunalm64 won by resignation"]

1. e4 e6 2. d4 d5 3. Nd2 c5 4. Ngf3 cxd4 5. Nxd4 Nc6 6. Bb5 Bd7 7. Nxc6 bxc6 8.
Bd3 e5 9. O-O Bd6 10. exd5 cxd5 11. c4 d4 12. Ne4 Be7 13. f4 f5 14. fxe5 fxe4 15. Bxe4 Rc8 16. Qh5+ g6 17. Bxg6+ 1-0

[Event "Early-Titled-Tuesday-Blitz-March-05-2024"]
[Site "Chess.com"]
[Date "2024.03.05"]
[Round "7"]
[White "erlesfar"]
[Black "campochess"]
[Result "0-1"]
[WhiteElo "2380"]
[BlackElo "2224"]
[TimeControl "180+1"]
[EndTime "9:15:17 PST"]
[Termination "campochess won by resignation"]

1. g3 c6 2. Bg2 d5 3. Nf3 Nf6 4. O-O g6 5. d4 Bg7 6. Bf4 Nbd7 7. Qd2 Ne4 8. Qd3 Ndf6 9. Nbd2 O-O 10. Nxe4 dxe4 11.
Qd2 exf3 12. Bxf3 Re8 13. Rad1 Nd5 14. c3 Nxf4 15. Qxf4 Qd6 16. Qxd6 exd6 17. e4 h5 18. Rfe1 Bg4 19. Bxg4 hxg4 20. Kg2 Re7 21. f3 gxf3+ 22.
Kxf3 Rae8 23. Rd2 f5 24. Rde2 fxe4+ 25. Rxe4 Rxe4 26. Rxe4 Rxe4 27. Kxe4 0-1

[Event "Early-Titled-Tuesday-Blitz-March-05-2024"]
[Site "Chess.com"]
[Date "2024.03.05"]
[Round "7"]
[White "ClauSanLuis"]
[Black "JonSnowNW1"]
[Result "0-1"]
[WhiteElo "2337"]
[BlackElo "2534"]
[TimeControl "180+1"]
[EndTime "9:15:22 PST"]
[Termination "JonSnowNW1 won by resignation"]

1. d4 Nf6 2. Bg5 d5 3. Bxf6 exf6 4. e3 g6 5. c4 dxc4 6. Bxc4 Bg7 7. Nc3 O-O 8. g4 Re8 9. Qf3 Qxd4 10. Bb3 Qxg4 11. Qxg4 Bxg4 12. h3 Bd7 13. Nd5 Na6 14. O-O-O Bc6 15.
Ne2 Nc5 16. Nxc7 Rec8 17. Nxa8 Nxb3+ 18. axb3 Bxh1+ 19. Nc3 Bc6 0-1

[Event "Early-Titled-Tuesday-Blitz-March-05-2024"]
[Site "Chess.com"]
[Date "2024.03.05"]
[Round "7"]
[White "mfschulz"]
[Black "Bkmzzzzz"]
[Result "1-0"]
[WhiteElo "2295"]
[BlackElo "2414"]
[TimeControl "180+1"]
[EndTime "9:15:38 PST"]
[Termination "mfschulz won by resignation"]

1. d4 d5 2. Bg5 h6 3. Bh4 g5 4.
Bg3 Bg7 5. e3 Nf6 6. h4 Ne4 7.
hxg5 hxg5 8. Rxh8+ Bxh8 9. Qh5 Bg7 10. Be5 Bxe5 11. dxe5 g4 12. Bd3 Be6 13. Bxe4 dxe4 14. Nc3 Nc6 15. Qh8+ Kd7 16. O-O-O+ 1-0

[Event "Early-Titled-Tuesday-Blitz-March-05-2024"]
[Site "Chess.com"]
[Date "2024.03.05"]
[Round "7"]
[White "Hurghada"]
[Black "amelia91"]
[Result "1-0"]
[WhiteElo "2385"]
[BlackElo "2038"]
[TimeControl "180+1"]
[EndTime "9:15:42 PST"]
[Termination "Hurghada won by resignation"]

1. d4 Nf6 2. c4 e6 3. g3 d5 4.
Nf3 c6 5. Bg2 Be7 6. O-O O-O 7.
Qc2 b6 8. Nbd2 Bb7 9. e4 dxe4 10. Nxe4 Nxe4 11. Qxe4 Nd7 12. b3 Nf6 13. Qc2 c5 14.
dxc5 Bxc5 15. Bb2 Rb8 16. Ng5 g6 17. Bxb7 Rxb7 18. Qc3 Be7 19. Ne4 Kg7 20. g4 h6 21. h4 g5 22. hxg5 hxg5 23. Qe5 Rg8 24. Rad1 Rd7 25. Rxd7 Qxd7 26. Nxf6 1-0

[Event "Early-Titled-Tuesday-Blitz-March-05-2024"]
[Site "Chess.com"]
[Date "2024.03.05"]
[Round "7"]
[White "tarno17"]
[Black "janhelmer03"]
[Result "1-0"]
[WhiteElo "2175"]
[BlackElo "2386"]
[TimeControl "180+1"]
[EndTime "9:15:50 PST"]
[Termination "tarno17 won by resignation"]

1. e4 c5 2. Nf3 d6 3. Bb5+ Bd7 4. Bxd7+ Qxd7 5. O-O Nf6 6. d3 g6 7. Re1 Bg7 8. Nbd2 O-O 9. Nf1 Nc6 10. c3 b5 11.
Ng3 a5 12. h3 a4 13. Bg5 Ne8 14. Qd2 a3 15. b3 b4 16. cxb4 Bxa1 17. Rxa1 cxb4 18.
Bh6 Ng7 19. Bxg7 Kxg7 20. Qg5 Ra5 21. Nf5+ Kh8 22. Qh6 Rg8 23. Ng5 1-0

[Event "Early-Titled-Tuesday-Blitz-March-05-2024"]
[Site "Chess.com"]
[Date "2024.03.05"]
[Round "7"]
[White "LuisFSiles"]
[Black "Rawnsdale"]
[Result "0-1"]
[WhiteElo "2243"]
[BlackElo "2491"]
[TimeControl "180+1"]
[EndTime "9:15:52 PST"]
[Termination "Rawnsdale won by resignation"]

1. e4 c6 2. d4 d5 3. exd5 cxd5 4. c4 Nf6 5. Nc3 Nc6 6. Bg5 Be6 7. Nge2 h6 8. Bxf6 exf6 9. Nf4 Bb4 10. Nxe6 fxe6 11.
Qh5+ Kf8 12. cxd5 Nxd4 13. O-O-O e5 14. Ne2 Qc7+ 0-1

[Event "Early-Titled-Tuesday-Blitz-March-05-2024"]
[Site "Chess.com"]
[Date "2024.03.05"]
[Round "7"]
[White "Darius321"]
[Black "david_gomez"]
[Result "0-1"]
[WhiteElo "2364"]
[BlackElo "2610"]
[TimeControl "180+1"]
[EndTime "9:15:54 PST"]
[Termination "david_gomez won by resignation"]

1. e4 e5 2. Nf3 Nc6 3. Bc4 Bc5 4. c3 Nf6 5. d4 exd4 6. e5 d5 7. Bb5 Ne4 8. cxd4 Bb6 9. h3 O-O 10. O-O f6 11. Nc3 Nxc3 12. bxc3 fxe5 13. Bxc6 bxc6 14. Nxe5 c5 15. Ba3 Qf6 16. Ng4 Bxg4 17. Qxg4 Rfe8 18. dxc5 Re4 19. Qd7 Rd8 20. Qb5 c6 21. Qa6 Bc7 22. Rae1 Qe5 23. g3 Rxe1 0-1

[Event "Early-Titled-Tuesday-Blitz-March-05-2024"]
[Site "Chess.com"]
[Date "2024.03.05"]
[Round "7"]
[White "baki83"]
[Black "Crazy_girl99"]
[Result "1-0"]
[WhiteElo "2799"]
[BlackElo "2544"]
[TimeControl "180+1"]
[EndTime "9:16:07 PST"]
[Termination "baki83 won by resignation"]

1. e4 e5 2. Nf3 Nc6 3. Bb5 a6 4. Ba4 Nf6 5. O-O Nxe4 6. d4 b5 7. Bb3 d5 8. dxe5 Be6 9. Nbd2 Nc5 10. Re1 Be7 11. Nf1 O-O 12. Ng3 Nxb3 13. axb3 Bc5 14. Bg5 Qd7 15. h3 a5 16. Qd2 d4 17. Bf6 Be7 18.
Qg5 g6 19. Qh6 1-0

[Event "Early-Titled-Tuesday-Blitz-March-05-2024"]
[Site "Chess.com"]
[Date "2024.03.05"]
[Round "7"]
[White "UK_23"]
[Black "averageFM"]
[Result "0-1"]
[WhiteElo "2351"]
[BlackElo "2600"]
[TimeControl "180+1"]
[EndTime "9:16:10 PST"]
[Termination "averageFM won by resignation"]

1. d4 Nf6 2. c4 e6 3. Bf4 d5 4. e3 c5 5. cxd5 Nxd5 6. dxc5 Bxc5 7. Nc3 Qa5 8. Ne2 O-O 9. Qa4 Qxa4 10. Nxa4 Bb4+ 11.
Nac3 Nxf4 12. Nxf4 Nc6 13. a3 Bxc3+ 14. bxc3 b6 15.
Be2 Bb7 16. O-O Rac8 17. Rfd1 Na5 18. Rac1 g6 19. h4 Rc7 20. Bf3 Bxf3 21. gxf3 Rfc8 22. Rd3 Nc4 23. a4 Nb2 24. Rd2 Nxa4 25. Ra2 Nxc3 26. Rac2 Nd5 0-1

[Event "Early-Titled-Tuesday-Blitz-March-05-2024"]
[Site "Chess.com"]
[Date "2024.03.05"]
[Round "7"]
[White "abelmat"]
[Black "Gryffindorac8"]
[Result "0-1"]
[WhiteElo "2058"]
[BlackElo "2389"]
[TimeControl "180+1"]
[EndTime "9:16:14 PST"]
[Termination "Gryffindorac8 won on time"]

1. d4 Nf6 2. c4 c5 3. Nf3 cxd4 4. Nc3 dxc3 5. Nd4 Nc6 6. bxc3 e6 7. e3 Be7 8. Be2 O-O 9. O-O d5 10. Nxc6 bxc6 11. a4 Ba6 12. Qc2 Bxc4 0-1

[Event "Early-Titled-Tuesday-Blitz-March-05-2024"]
[Site "Chess.com"]
[Date "2024.03.05"]
[Round "7"]
[White "JonasEilenberg"]
[Black "Aalessia"]
[Result "1-0"]
[WhiteElo "2545"]
[BlackElo "2392"]
[TimeControl "180+1"]
[EndTime "9:16:17 PST"]
[Termination "JonasEilenberg won by resignation"]

1. d4 Nf6 2. c4 e6 3. Nc3 Bb4 4. Bd2 O-O 5. Nf3 d5 6. e3 b6 7. cxd5 exd5 8. Bd3 Bb7 9. O-O Be7 10. Ne5 c5 11.
Rc1 Nc6 12. Ne2 Rc8 13. Bc3 Nxe5 14. dxe5 Ne4 15. Bxe4 dxe4 16. Ng3 Qd3 17. Nf5 Rfe8 18. Qg4 Bf8 19. Nh6+ Kh8 20. Nxf7+ Kg8 21. Nh6+ Kh8 22.
e6 Qd5 23. Nf5 Qxe6 24. Bxg7+ Kg8 25. Nh6+ Qxh6 26. Bxh6+ Kh8 27. Bxf8 1-0

[Event "Early-Titled-Tuesday-Blitz-March-05-2024"]
[Site "Chess.com"]
[Date "2024.03.05"]
[Round "7"]
[White "esrosenberg"]
[Black "Talcrifice"]
[Result "1-0"]
[WhiteElo "2464"]
[BlackElo "2570"]
[TimeControl "180+1"]
[EndTime "9:16:25 PST"]
[Termination "esrosenberg won by resignation"]

1. d4 Nf6 2. c4 e6 3. Nc3 Bb4 4. Nf3 O-O 5. Bg5 h6 6. Bh4 c5 7. e3 Qa5 8. Bxf6 Bxc3+ 9. bxc3 Qxc3+ 10. Nd2 gxf6 11. Rc1 Qa5 12. Bd3 cxd4 13. exd4 Nc6 14. O-O f5 15. d5 Ne5 16. Bb1 b6 17. Nb3 Qb4 18. Qd4 Ng6 19. Rc3 Bb7 20. Rh3 exd5 21. Rxh6 Qxc4 22. Qf6 Qc6 23. Qg5 Kg7 24. Nd4 1-0

[Event "Early-Titled-Tuesday-Blitz-March-05-2024"]
[Site "Chess.com"]
[Date "2024.03.05"]
[Round "7"]
[White "Manukyan_Artak"]
[Black "FredddieCroderg"]
[Result "1-0"]
[WhiteElo "2529"]
[BlackElo "2289"]
[TimeControl "180+1"]
[EndTime "9:16:27 PST"]
[Termination "Manukyan_Artak won by resignation"]

1. e4 c6 2. d4 d5 3. e5 Bf5 4. c4 e6 5. Nc3 Bb4 6. Qb3 Na6 7. a3 Qa5 8. Bd2 Bxc3 9. bxc3 Qc7 10. c5 Ne7 11. Nf3 O-O 12. a4 Be4 13. Be2 f6 14. exf6 Rxf6 15. O-O Raf8 16. Ne5 Ng6 17. Nxg6 Rxg6 18. g3 e5 19. f4 Qd7 20. fxe5 Qh3 21. Rxf8+ Kxf8 22. Rf1+ Ke8 23. Rf3 Rxg3+ 24. Rxg3 1-0

[Event "Early-Titled-Tuesday-Blitz-March-05-2024"]
[Site "Chess.com"]
[Date "2024.03.05"]
[Round "7"]
[White "FMStan15"]
[Black "Kapitan_Bayan"]
[Result "1-0"]
[WhiteElo "2102"]
[BlackElo "2280"]
[TimeControl "180+1"]
[EndTime "9:16:30 PST"]
[Termination "FMStan15 won by resignation"]

1. e4 c5 2. c3 Nf6 3. e5 Nd5 4. d4 cxd4 5. Nf3 d6 6. cxd4 Nc6 7. Bc4 Nb6 8. Bb5 a6 9. Bxc6+ bxc6 10. O-O Bg4 11.
h3 Bh5 12. Bf4 Nd5 13. Bg3 e6 14. Nc3 Be7 15. Nxd5 cxd5 16. Qd3 Bg6 17. Qe3 O-O 18. Rfc1 dxe5 19. Nxe5 Rc8 20. Nxg6 hxg6 21. Qd3 Qb6 22. Qb3 Qxd4 23. Rxc8 Rxc8 24. Qb7 Qc4 25. Qxe7 1-0

[Event "Early-Titled-Tuesday-Blitz-March-05-2024"]
[Site "Chess.com"]
[Date "2024.03.05"]
[Round "7"]
[White "nihalsarin"]
[Black "Zhigalko_Sergei"]
[Result "1-0"]
[WhiteElo "3186"]
[BlackElo "2897"]
[TimeControl "180+1"]
[EndTime "9:16:45 PST"]
[Termination "nihalsarin won by checkmate"]

1. Nc3 d5 2. e4 dxe4 3. Nxe4 Nf6 4. Nc3 e5 5. Nf3 Bd6 6. Bb5+ Nbd7 7. d3 h6 8. O-O O-O 9. h3 c6 10. Bc4 b5 11.
Bb3 Nc5 12. Re1 Re8 13. Be3 Nxb3 14. axb3 a5 15. Nd2 Nd5 16. Nde4 Nxe3 17. Rxe3 Bc7 18.
Qh5 Be6 19. Rg3 Kh8 20. Nc5 Bd5 21. Nxd5 Qxd5 22. Ne4 Qe6 23. Ng5 Qf6 24. Nxf7+ Kh7 25. Ng5+ Kh8 26. Ne4 Qe7 27. Qg6 Qd7 28. Nf6 Qe7 29.
Qh7# 1-0

[Event "Early-Titled-Tuesday-Blitz-March-05-2024"]
[Site "Chess.com"]
[Date "2024.03.05"]
[Round "7"]
[White "Josetricks"]
[Black "vovachesss"]
[Result "1/2-1/2"]
[WhiteElo "2571"]
[BlackElo "2800"]
[TimeControl "180+1"]
[EndTime "9:16:47 PST"]
[Termination "Game drawn by agreement"]

1. e4 e5 2. Nf3 d5 3. Nxe5 Bd6 4. d4 dxe4 5. Bc4 Bxe5 6. dxe5 Qxd1+ 7. Kxd1 Nc6 8. Re1 Bg4+ 9. Be2 O-O-O+ 10. Nd2 Nxe5 11. h3 Bxe2+ 12. Rxe2 f5 13. f3 Nf6 14. fxe4 Nxe4 15. Ke1 Nxd2 16. Bxd2 Rhe8 17. Bc3 Rd7 18. Kf1 Rde7 19.
Rae1 Nc6 20. Rxe7 Rxe7 21. Rxe7 Nxe7 22. Bxg7 Kd7 23. Kf2 Ke6 24. Kf3 Nd5 25. c3 b5 26.
Bd4 a5 27. g4 fxg4+ 28. hxg4 a4 29. Ke4 c6 30. b3 1/2-1/2

[Event "Early-Titled-Tuesday-Blitz-March-05-2024"]
[Site "Chess.com"]
[Date "2024.03.05"]
[Round "7"]
[White "Titus369"]
[Black "stollenmonster"]
[Result "0-1"]
[WhiteElo "2641"]
[BlackElo "2887"]
[TimeControl "180+1"]
[EndTime "9:16:49 PST"]
[Termination "stollenmonster won by resignation"]

1. e4 c5 2. Nf3 Nf6 3. Nc3 d5 4. exd5 Nxd5 5. Bb5+ Bd7 6. Bxd7+ Qxd7 7. O-O Nc6 8. d3 Nxc3 9. bxc3 g6 10. c4 Bg7 11.
Rb1 O-O 12. Bb2 e5 13. Re1 Rfe8 14. Nd2 f5 15. Qf3 e4 16. Qe2 Bxb2 17. Rxb2 exd3 18. Qd1 Rxe1+ 19. Qxe1 Re8 20. Qd1 dxc2 21. Qxc2 Re1+ 22. Nf1 Nd4 23. Qc3 Ne2+ 24. Rxe2 Rxe2 25. h3 Qd4 26. Qf3 Rxa2 27. Ne3 Ra1+ 28. Kh2 Qe5+ 29. g3 Qe4 0-1

[Event "Early-Titled-Tuesday-Blitz-March-05-2024"]
[Site "Chess.com"]
[Date "2024.03.05"]
[Round "7"]
[White "UnTucopalaTimba"]
[Black "RianKapriaga"]
[Result "0-1"]
[WhiteElo "1998"]
[BlackElo "2296"]
[TimeControl "180+1"]
[EndTime "9:16:58 PST"]
[Termination "RianKapriaga won by resignation"]

1. e4 c6 2. d4 d5 3. Nc3 dxe4 4. Nxe4 Bf5 5. Ng3 Bg6 6. Nh3 Nd7 7. Nf4 Ngf6 8. h4 e5 9. Nxg6 hxg6 10. dxe5 Qa5+ 11.
Bd2 Qxe5+ 12. Qe2 O-O-O 13. Qxe5 Nxe5 14. f4 Neg4 15. Bc4 Rd7 16. O-O-O Nf2 17. Rdf1 Nxh1 18. Rxh1 Bc5 19. f5 Bd6 20. fxg6 Bxg3 21. gxf7 Nd5 22.
Rh3 Bd6 23. Rf3 Rf8 0-1

[Event "Early-Titled-Tuesday-Blitz-March-05-2024"]
[Site "Chess.com"]
[Date "2024.03.05"]
[Round "7"]
[White "Egor_Koshulyan"]
[Black "AlexeiShirov"]
[Result "0-1"]
[WhiteElo "2725"]
[BlackElo "2849"]
[TimeControl "180+1"]
[EndTime "9:17:04 PST"]
[Termination "AlexeiShirov won by checkmate"]

1. f4 g6 2. Nf3 Bg7 3. g3 d5 4. Bg2 Nf6 5. O-O O-O 6. d3 d4 7. Ne5 Nfd7 8. Nxd7 Nxd7 9. e4 dxe3 10.
c3 e5 11. Bxe3 exf4 12. Bxf4 Ne5 13. d4 Bg4 14. Qb3 Nd3 15. Qxb7 Nxf4 16. Rxf4 Rb8 17. Qxa7 h5 18. Rf2 Bh6 19. h3 Be3 20. Nd2 Bxf2+ 21.
Kxf2 Rxb2 22. hxg4 Rxd2+ 23. Kg1 Qe7 24. gxh5 Qe3+ 25. Kh2 Qf3 26. Rg1 Qxh5# 0-1

[Event "Early-Titled-Tuesday-Blitz-March-05-2024"]
[Site "Chess.com"]
[Date "2024.03.05"]
[Round "7"]
[White "RandomNoob04"]
[Black "Rodalquilar"]
[Result "0-1"]
[WhiteElo "2599"]
[BlackElo "2812"]
[TimeControl "180+1"]
[EndTime "9:17:14 PST"]
[Termination "Rodalquilar won by resignation"]

1. e4 d5 2. exd5 Qxd5 3. Nc3 Qa5 4. d4 Nf6 5. Nf3 Bf5 6. Bc4 e6 7. Bd2 Bb4 8. a3 Bxc3 9. Bxc3 Qb6 10. d5 exd5 11.
Bxd5 O-O 12. Bxf6 gxf6 13. O-O Bg6 14. Nh4 c6 15. Bb3 Qc7 16. Qf3 Nd7 17. Rfe1 Rae8 18. Rad1 Re5 19. Re3 Rfe8 20. Rxe5 Qxe5 21. h3 Nc5 22.
Bc4 Bxc2 23. Rc1 Qxb2 24. Qg3+ Bg6 25. Nxg6 Qxc1+ 26. Kh2 Qg5 27. Qd6 hxg6 0-1

[Event "Early-Titled-Tuesday-Blitz-March-05-2024"]
[Site "Chess.com"]
[Date "2024.03.05"]
[Round "7"]
[White "MasterKroket"]
[Black "GaiozNigalidze"]
[Result "0-1"]
[WhiteElo "2493"]
[BlackElo "2706"]
[TimeControl "180+1"]
[EndTime "9:17:15 PST"]
[Termination "GaiozNigalidze won by resignation"]

1. e4 c5 2. Nf3 d6 3. d4 cxd4 4. Nxd4 Nf6 5. Nc3 a6 6. Be3 e5 7. Nb3 Be6 8. f3 Be7 9. Qd2 O-O 10. O-O-O Nbd7 11. g4 b5 12. g5 b4 13. Ne2 Ne8 14.
f4 exf4 15. Bxf4 Ne5 16. Ned4 a5 17. Kb1 a4 18. Nc1 b3 19. cxb3 axb3 20. a3 Bg4 21. Be2 Bxe2 22. Ncxe2 g6 23. h4 Qc8 24. Bxe5 dxe5 25.
Rc1 Qg4 26. Nc6 Qxe4+ 27. Ka1 Bxa3 0-1